 Dungeon Crawl Stone Soup version 0.32-a0-12-g7fc57aa741 (webtiles) character file.

Game seed: 6510276429767867017

2787 Colgate the Summoner (level 9, -2/66 HPs)
             Began as a Gnoll Summoner on Jan 14, 2024.
             Was an Initiate of Kikubaaqudgha.
             Shot with an arrow by a centaur (6 damage)
             ... on level 8 of the Dungeon.
             The game lasted 00:41:02 (14228 turns).

Colgate the Summoner (Gnoll Summoner)              Turns: 14228, Time: 00:41:03

Health: -2/66      AC:  6    Str:  7    XL:     9   Next: 70%
Magic:  11/19      EV: 16    Int: 20    God:    Kikubaaqudgha [......]
Gold:   415        SH:  0    Dex: 18    Spells: 12/21 levels left

rFire   . . .        a - +2 sling (elec)
rCold   . . .        (no shield)
rNeg    . . .        z - +0 robe
rPois   .            (helmet currently unavailable)
rElec   .            (cloak currently unavailable)
rCorr   .            (gloves currently unavailable)
SInv    .            (boots currently unavailable)
Will    .....        K - amulet of magic regeneration
Stlth   +++          e - +4 ring of protection
HPRegen 0.31/turn    t - +6 ring of dexterity
MPRegen 0.56/turn

%: no passive effects
@: beast-form, unable to call your familiar
A: beast (slay +2), fangs 1, strong nose, distributed training
a: Begin Untransformation, Renounce Religion


You were on level 8 of the Dungeon.
You worshipped Kikubaaqudgha.
Kikubaaqudgha was noncommittal.
You were a hulking beast.
You visited 2 branches of the dungeon, and saw 9 of its levels.

You collected 415 gold pieces.

Inventory:

Hand Weapons
 a - a +2 sling of electrocution (weapon)
 b - a +3 halberd of freezing
 c - a +0 short sword
 f - a +0 dagger
 h - a +0 spear
 o - a +0 flail
 r - a +3 dire flail
 B - a +0 spectral quarterstaff
 D - a +0 morningstar
 F - a +4 shortbow
Missiles
 J - 14 darts of dispersal
Armour
 z - a +0 robe (worn)
 C - the +0 leather armour of the Treeataur {Will- rCorr Str+5 Int-5}
   (You found it on level 4 of the Dungeon)

   Str+5:     It affects your strength (+5).
   Int-5:     It affects your intelligence (-5).
   Will-:     It decreases your willpower.
   rCorr:     It protects you from acid and corrosion.
 M - a +0 cloak
Magical Staves
 q - a staff of death
 s - a staff of cold
Jewellery
 e - a +4 ring of protection (left hand)
 l - an amulet of the acrobat
 t - a +6 ring of dexterity (right hand)
 v - a +6 ring of strength
 x - a ring of ice
 G - a ring of ice
 I - a ring of flight
 K - an amulet of magic regeneration (around neck)
Talismans
 y - a beast talisman (active)
 A - a granite talisman
 L - a serpent talisman
Wands
 j - a wand of flame (31)
 N - a wand of paralysis (9)
Scrolls
 i - a scroll of teleportation {unknown}
 k - 2 scrolls of fog
 m - 2 scrolls of fear
 n - a scroll of vulnerability
 u - a scroll of immolation
Potions
 d - 2 potions of resistance {@q5}
 g - 2 potions of brilliance {unknown}
 p - a potion of heal wounds {@q2}
 w - 3 potions of curing {@q1}
 E - a potion of might {unknown}
 H - 2 potions of magic


   Skills:
 + Level 4.6 Fighting
 + Level 4.6 Short Blades
 + Level 4.6 Long Blades
 + Level 4.6 Axes
 + Level 4.6 Maces & Flails
 + Level 4.6 Polearms
 + Level 4.6 Staves
 + Level 4.6 Ranged Weapons
 + Level 4.6 Throwing
 + Level 4.6 Armour
 + Level 6.6 Dodging
 + Level 6.3 Stealth
 + Level 4.6 Shields
 + Level 4.6 Unarmed Combat
 + Level 6.9 Spellcasting
 + Level 3.8 Conjurations
 + Level 3.8 Hexes
 + Level 8.2 Summonings
 + Level 3.8 Necromancy
 + Level 3.8 Translocations
 + Level 3.8 Fire Magic
 + Level 3.8 Ice Magic
 + Level 3.8 Air Magic
 + Level 3.8 Earth Magic
 + Level 3.8 Alchemy
 + Level 5.1 Invocations
 + Level 4.6 Evocations
 + Level 4.2 Shapeshifting


You had 12 spell levels left.
You knew the following spells:

 Your Spells              Type           Power      Damage    Failure   Level
a - Summon Small Mammal   Summ           100%       N/A       1%          1
b - Call Imp              Summ           78%        N/A       1%          2
c - Call Canine Familiar  Summ           39%        N/A       1%          3
d - Passwall              Erth           22%        N/A       6%          3

Your spell library contained the following spells:

 Spells                   Type           Power      Damage    Failure   Level
 Kiss of Death            Conj/Necr      88%        2d12      1%          1
 Sandblast                Erth           44%        2d11      1%          1
 Confusing Touch          Hex            22%        N/A       6%          3
 Stone Arrow              Conj/Erth      44%        3d9       6%          3
 Summon Blazeheart Golem  Fire/Summ      31%        N/A       8%          4
 Summon Lightning Spire   Summ/Air       31%        N/A       8%          4
 Brom's Barrelling Bould  Conj/Erth      22%        2d4       19%         4
 Dispel Undead            Necr           22%        3d12      19%         4


Dungeon Overview and Level Annotations

Branches:
Dungeon (8/15)             Temple (1/1) D:7
   Lair: D:8-11

Altars:
Ashenzari
Cheibriados
Dithmenos
Elyvilon
Fedhas
Gozag
Hepliaklqana
Kikubaaqudgha
Makhleb
Nemelex Xobeh
Okawaru
Qazlal
Sif Muna
Trog
Uskayaw
Wu Jian
Xom
Yredelemnul
Zin
The Shining One

Shops:
D:4 :


Innate Abilities, Weirdness & Mutations

You are a hulking beast.
Your limbs bulge with bestial killing power. (Slay +2)
You have very sharp teeth.
Your uncanny sense of smell can sniff out nearby items.
Your experience applies equally to all skills.


Message History

The centaur kicks you but does no damage.
The centaur wields a +0 orcbow.
The centaur shoots an arrow.
The arrow hits your quokka.
Your quokka dies!
Your quokka's corpse disappears in a puff of smoke!
You see here 12 gold pieces.
Casting: Summon Small Mammal (safe; 1% risk of failure)
The centaur shoots an arrow.
The arrow hits you!
The centaur shoots an arrow.
The arrow barely misses you. The arrow barely misses your quokka.
Casting: Summon Small Mammal (safe; 1% risk of failure)
A tiny devil pulls itself out of the air.
The centaur shoots an arrow.
The arrow barely misses you. The arrow hits your quokka!
Your quokka dies!
Your quokka's corpse disappears in a puff of smoke!
Casting: Call Imp (safe; 1% risk of failure)
The centaur shoots an arrow.
The arrow barely misses your bat. The arrow hits you.
The centaur shoots an arrow.
The arrow hits your bat!
Your bat dies!
Your bat's corpse disappears in a puff of smoke!
Casting: Summon Small Mammal (safe; 1% risk of failure)
The centaur shoots an arrow.
The arrow hits you.
The centaur unwields a +0 orcbow.
The centaur closely misses your bat. x2
Your bat hits the centaur but does no damage.
Casting: Summon Small Mammal (safe; 1% risk of failure)
The centaur wields a +0 orcbow.
The centaur shoots an arrow.
The arrow misses your bat. The arrow hits you!
Your bat closely misses the centaur.
The centaur shoots an arrow.
The arrow hits your bat!
Your bat dies!
Your bat's corpse disappears in a puff of smoke!
Casting: Summon Small Mammal (safe; 1% risk of failure)
The centaur shoots an arrow.
The arrow hits you!
* * * LOW HITPOINT WARNING * * *
Casting: Summon Small Mammal (safe; 1% risk of failure)
The centaur shoots an arrow.
The arrow hits you!
* * * LOW HITPOINT WARNING * * *
The centaur shoots an arrow.
The arrow hits you.
You die...
Kikubaaqudgha rasps: "You have failed me!
Welcome... death!"

#.# #.# #.# #.# ##
#.#.# .# #.#c# .#
#.#.#.# .# #.
#.#.#$#
.######.####.#.#h#
.....##........r5#
...<.##.........r#
.....##..........#
'######.........##
................#
...⌠............#
................##
'##########......#


You could see a centaur (ally target), a friendly cerulean imp (summoned), a
friendly quokka (summoned) and a friendly rat (summoned).

Vanquished Creatures
  A black bear (D:6)
  2 lemures (D:5)
  A kobold brigand (D:7)
  A scorpion (D:6)
  3 wights (D:8)
  A howler monkey (D:6)
  A hound (D:4)
  A bombardier beetle (D:6)
  A gnoll bouda (D:6)
  An orc priest (D:5)
  2 gnolls (D:6)
  2 adders
  A ball python (D:4)
  A bat (D:3)
  An endoplasm (D:2)
  2 giant cockroaches
  2 goblins (D:4)
  2 quokkas
  A frilled lizard (D:1)
  2 kobolds
29 creatures vanquished.

Vanquished Creatures (collateral kills)
  Pikel (D:5)
  Maurice (D:7)
  A wyvern (D:8)
  2 sky beasts
  An orc warrior (D:5)
  3 ogres (D:6)
  A centaur (D:5)
  A phantom (D:6)
  A lemure (D:5)
  A kobold brigand (D:6)
  A scorpion (D:5)
  A wight (D:8)
  A howler monkey (D:7)
  2 bombardier beetles
  An orc priest (D:5)
  A hound (D:5)
  A sleepcap (D:6)
  2 iguanas
  6 gnolls (D:6)
  5 adders
  2 ufetubi (D:7)
  A dart slug (D:2)
  A ribbon worm (D:2)
  An orc (D:6)
  2 endoplasms (D:2)
  2 giant cockroaches
  8 hobgoblins
  2 quokkas (D:2)
  3 ball pythons
  7 bats
  2 frilled lizards
  4 goblins
  13 kobolds
  4 rats
86 creatures vanquished.

Grand Total: 115 creatures vanquished

Notes
Turn   | Place    | Note
-------+----------+-------------------------------------------
     0 | D:1      | Colgate the Gnoll Summoner began the quest for the Orb.
     0 | D:1      | Reached XP level 1. HP: 13/13 MP: 6/6
   423 | D:1      | Reached XP level 2. HP: 19/19 MP: 4/7
   426 | D:1      | Learned a level 2 spell: Call Imp
  1046 | D:1      | Found a faded altar of an unknown god.
  1396 | D:2      | Reached skill level 5 in Spellcasting
  1396 | D:2      | Reached XP level 3. HP: 25/25 MP: 2/9
  1400 | D:2      | Learned a level 3 spell: Call Canine Familiar
  1620 | D:2      | Reached skill level 1 in Invocations
  1944 | D:2      | Reached skill level 1 in Fighting
  1944 | D:2      | Reached skill level 1 in Short Blades
  1944 | D:2      | Reached skill level 1 in Long Blades
  1944 | D:2      | Reached skill level 1 in Axes
  1944 | D:2      | Reached skill level 1 in Maces & Flails
  1944 | D:2      | Reached skill level 1 in Polearms
  1944 | D:2      | Reached skill level 1 in Staves
  1944 | D:2      | Reached skill level 1 in Ranged Weapons
  1944 | D:2      | Reached skill level 1 in Throwing
  1944 | D:2      | Reached skill level 1 in Armour
  1944 | D:2      | Reached skill level 1 in Shields
  1944 | D:2      | Reached skill level 1 in Unarmed Combat
  1944 | D:2      | Reached skill level 1 in Evocations
  2093 | D:2      | Reached skill level 1 in Shapeshifting
  2093 | D:2      | Reached XP level 4. HP: 32/32 MP: 7/11
  2756 | D:2      | Reached skill level 1 in Conjurations
  2756 | D:2      | Reached skill level 1 in Hexes
  2756 | D:2      | Reached skill level 1 in Necromancy
  2756 | D:2      | Reached skill level 1 in Translocations
  2756 | D:2      | Reached skill level 1 in Fire Magic
  2756 | D:2      | Reached skill level 1 in Ice Magic
  2756 | D:2      | Reached skill level 1 in Air Magic
  2756 | D:2      | Reached skill level 1 in Earth Magic
  2756 | D:2      | Reached skill level 1 in Alchemy
  4233 | D:4      | Reached XP level 5. HP: 37/37 MP: 5/12
  4401 | D:4      | You fall into a shaft and drop 2 floors!
  4404 | D:6      | Noticed an ogre
  4461 | D:6      | Killed an ogre
  4494 | D:6      | Noticed a black bear
  4502 | D:6      | Killed a black bear
  4503 | D:6      | Reached skill level 5 in Dodging
  4503 | D:6      | Reached XP level 6. HP: 44/44 MP: 14/14
  4527 | D:5      | Entered Level 5 of the Dungeon
  4659 | D:5      | Noticed an orc warrior
  4674 | D:5      | Killed an orc warrior
  4675 | D:5      | Reached XP level 7. HP: 46/51 MP: 1/15
  4936 | D:5      | Noticed Pikel
  5302 | D:4      | Identified the +0 leather armour of the Treeataur {Will-
                  | rCorr Str+5 Int-5}
  5644 | D:4      | Found Roragow's Book Boutique.
  5851 | D:4      | Reached skill level 5 in Stealth
  7096 | D:6      | Reached XP level 8. HP: 58/58 MP: 9/16
  8128 | D:6      | Found an opulent altar of Gozag.
  8703 | D:7      | Found a staircase to the Ecumenical Temple.
  8712 | Temple   | Entered the Ecumenical Temple
  8725 | Temple   | Became a worshipper of Kikubaaqudgha
  9465 | D:6      | Found an opulent altar of Gozag.
 10942 | D:4      | Found Roragow's Book Boutique.
 11728 | D:5      | Killed Pikel
 11729 | D:5      | Reached XP level 9. HP: 65/65 MP: 13/18
 13088 | D:6      | Found an opulent altar of Gozag.
 13288 | D:7      | Reached skill level 8 in Summonings
 13333 | D:7      | Found a blossoming altar of Fedhas.
 13335 | D:7      | Found a sparkling altar of Nemelex Xobeh.
 13342 | D:7      | Learned a level 3 spell: Passwall
 13459 | D:7      | Noticed Maurice
 13463 | D:7      | Paralysed by something for 5 turns
 13505 | D:7      | Killed Maurice
 13870 | D:7      | Found a snail-covered altar of Cheibriados.
 14027 | D:8      | Reached skill level 5 in Invocations
 14228 | D:8      | Shot with an arrow by a centaur

Illustrated notes

Levels and vault maps discovered:
D:1:      minmay_arrival_glassed_features, layout_loops_corners,
          dreamdust_ecumenical_altar_hidden_monk_grotto
D:2:      layout_loops_corners
D:3:      layout_basic
D:4:      layout_basic, serial_co_window_serial, co_window_of_opportunity_a,
          co_window_paths_b, co_window_paths_a, co_window_paths_b,
          co_window_corner_a, co_window_corner_a, co_window_paths_a,
          co_window_paths_c, co_window_cross_2, co_window_cross_2,
          co_window_paths_d, serial_shops, nicolae_shop_tiny_glass
D:5:      layout_cave_pods, grunt_decor_mini_mirrors, uniq_pikel
D:6:      layout_basic, mainiacjoe_overflow_alcove_1, minmay_unpleasant_kobolds
D:7:      layout_loops_ring, mainiacjoe_overflow_six_doors_small, minitemple,
          minmay_temple_entry_drinking_statues, uniq_maurice
D:8:      layout_basic, nicolae_elevator_lobby_plus
Temple:   regret_index_temple_sphere_string

Skill      XL: |  1  2  3  4  5  6  7  8  9 |
---------------+----------------------------+-----
Spellcasting   | 5 6 |  6.9
Invocations    | 1 2 3 4 5 |  5.1
Fighting       | 1 2 3 4 |  4.6
Short Blades   | 1 2 3 4 |  4.6
Long Blades    | 1 2 3 4 |  4.6
Axes           | 1 2 3 4 |  4.6
Maces & Flails | 1 2 3 4 |  4.6
Polearms       | 1 2 3 4 |  4.6
Staves         | 1 2 3 4 |  4.6
Ranged Weapons | 1 2 3 4 |  4.6
Throwing       | 1 2 3 4 |  4.6
Armour         | 1 2 3 4 |  4.6
Shields        | 1 2 3 4 |  4.6
Unarmed Combat | 1 2 3 4 |  4.6
Evocations     | 1 2 3 4 |  4.6
Shapeshifting  | 1 2 3 4 |  4.2
Conjurations   | 1 2 3 |  3.8
Hexes          | 1 2 3 |  3.8
Necromancy     | 1 2 3 |  3.8
Translocations | 1 2 3 |  3.8
Fire Magic     | 1 2 3 |  3.8
Ice Magic      | 1 2 3 |  3.8
Air Magic      | 1 2 3 |  3.8
Earth Magic    | 1 2 3 |  3.8
Alchemy        | 1 2 3 |  3.8
Dodging        | 5 6 |  6.6
Stealth        | 5 6 |  6.3
Summonings     | 8 |  8.2

Action                     |  1- 3 |  4- 6 |  7- 9 || total
---------------------------+-------+-------+-------++-------
  Melee: Short sword       |     5 |       |       ||     5
         Dagger            |     2 |     6 |       ||     8
         Halberd           |       |       |    22 ||    22
   Fire: Sling             |       |    22 |    67 ||    89
   Cast: Summon Small Mamm |    30 |     9 |    46 ||    85
         Call Imp          |     3 |    12 |    31 ||    46
         Call Canine Famil |     6 |    19 |    52 ||    77
    Use: Scroll            |     1 |     2 |     6 ||     9
   Stab: Sleeping          |     2 |     6 |       ||     8
         Distracted        |       |       |     1 ||     1
         Paralysed         |       |       |     1 ||     1
 Armour: Robe              |    13 |    10 |    23 ||    46
  Dodge: Dodged            |    16 |    21 |    17 ||    54
   Form: Beast             |       |     1 |     2 ||     3
                           |       |       |     2 ||     2

Table legend: (Time is in decaauts)
 A = Elapsed time spent in this place.
 B = Non-inter-level travel time spent in this place.
 C = Inter-level travel time spent in this place.
 D = Time resting spent in this place.
 E = Time spent auto-exploring this place.
 F = Levels seen in this place.
 G = Mean time per level.
                   A        B        C        D        E       F      G
               +--------+--------+--------+--------+--------+-----+--------+
         Total |  14249 |  13303 |    946 |    182 |  11736 |   9 | 1583.2 |
       Dungeon |  14222 |  13301 |    921 |    182 |  11736 |   8 | 1777.8 |
        Temple |     26 |      1 |     25 |      0 |      0 |   1 |   26.0 |
               +--------+--------+--------+--------+--------+-----+--------+

Top non-repeatable levels by time:
     D:6: 3866 daAuts
     D:4: 2368 daAuts
     D:5: 2207 daAuts
     D:2: 1656 daAuts
     D:3: 1560 daAuts
     D:1: 1324 daAuts
     D:7: 1006 daAuts
     D:8: 233 daAuts
  Temple: 26 daAuts
